 Dungeon Crawl Stone Soup version 0.29-a0-330-g52719c12eb (webtiles) character file.

Game seed: 6874424082312450635

71 avis the Ruffian (level 4, -2/41 HPs)
             Began as a Hill Orc Monk on Apr 13, 2022.
             Killed from afar by Natasha (10 damage)
             ... with a magic dart
             ... on level 2 of the Dungeon.
             The game lasted 00:05:50 (2365 turns).

avis the Ruffian (Hill Orc Monk)                    Turns: 2365, Time: 00:05:50

Health: -2/41      AC:  3    Str: 15    XL:     4   Next: 24%
Magic:  4/4        EV: 12    Int: 10    God:
Gold:   75         SH:  0    Dex: 13    Spells: 3/3 levels left

rFire   . . .      SeeInvis .   a - +0 falchion (holy)
rCold   . . .      Faith    .   (no shield)
rNeg    . . .      Spirit   .   n - +0 robe
rPois   .          Reflect  .   i - +0 helmet
rElec   .          Harm     .   (no cloak)
rCorr   .          Rampage  .   (no gloves)
Will    .....                   (no boots)
Stlth   ++........              (no amulet)
HPRegen 0.13/turn               (no ring)
MPRegen 0.09/turn               (no ring)

@: no status effects
A: no striking features
a: no special abilities


You were on level 2 of the Dungeon.
You visited 1 branch of the dungeon, and saw 2 of its levels.

You collected 75 gold pieces.

Inventory:

Hand Weapons
 a - a +0 falchion of holy wrath (weapon)
 b - a +0 hunting sling
Missiles
 d - 32 stones (quivered)
 l - 6 poisoned darts
Armour
 i - a +0 helmet (worn)
 n - a +0 robe (worn)
Jewellery
 e - a +6 ring of dexterity
Scrolls
 c - 5 scrolls of identify {unknown}
 g - a scroll of teleportation {unknown}
 h - a scroll of immolation {unknown}
 k - a scroll of enchant weapon {unknown}
Potions
 f - a potion of mutation {unknown}
 j - a potion of ambrosia
 m - a potion of flight {unknown}


   Skills:
 + Level 4.5 Fighting
 - Level 2.4 Dodging
 - Level 1.5 Stealth
 * Level 4.8 Unarmed Combat


You had 3 spell levels left.
You didn't know any spells.
Your spell library was empty.

Dungeon Overview and Level Annotations

Branches:
Dungeon (2/15)

Altars:

Annotations:
D:2 Natasha


Message History

Adjust (i)tems, (s)pells, or (a)bilities?
n - a +0 falchion of holy wrath Adjust to which letter? (? for menu, Esc to quit)
a - a +0 falchion of holy wrath;
n - a +0 robe (worn)
Your +0 falchion of holy wrath softly glows with a divine radiance!
a - a +0 falchion of holy wrath (weapon)
Natasha drinks a potion.
Natasha suddenly seems more resistant.
You see here the felid corpse of Natasha.
Natasha zaps a wand.
The puff of flame hits you.
Natasha hisses.
Natasha claws you!
You see here a kobold corpse.
You closely miss Natasha.
Natasha zaps a wand.
The puff of flame misses you.
You slash Natasha!
Natasha is heavily wounded.
Natasha misses you.
Natasha zaps a wand.
The puff of flame hits you.
You completely miss Natasha.
Natasha is heavily wounded.
Natasha barely misses you.
You closely miss Natasha.
Natasha is heavily wounded.
Natasha claws you.
You barely miss Natasha.
Natasha is heavily wounded.
Natasha closely misses you.
You slash Natasha!
Natasha is almost dead.
Natasha zaps a wand.
The puff of flame hits you.
Natasha zaps a wand.
The puff of flame hits you.
You barely miss Natasha.
Natasha is almost dead.
Natasha mumbles some strange words.
Natasha glows brightly for a moment.
Natasha zaps a wand.
The puff of flame hits you!
* * * LOW HITPOINT WARNING * * *
You closely miss Natasha. Your punch misses Natasha.
Natasha is almost dead.
Natasha casts a spell at you. The magic dart hits you!
You die...

. .# ##. ..#. #.. ..#..
#.# .>....###.# ###.
#.....##### #.. #.......#
##h#########......#
#######.@...........#...#
.........######.###...###
......##†# #.# ###...#
...). #.# #.# ###.. ####
#.# #.# ##. #.# ###.# #.
#.# ##...# #. ##.###..###
#. #..##..## #.


You could see Natasha (resistant).

Vanquished Creatures
  Natasha (D:2)
  A worm (D:2)
  3 dart slugs
  3 ball pythons (D:2)
  A bat (D:2)
  4 endoplasms
  A giant cockroach (D:1)
  3 goblins
  2 hobgoblins (D:1)
  4 quokkas
  7 frilled lizards
  4 kobolds
  A rat (D:1)
35 creatures vanquished.

Notes
Turn   | Place    | Note
-------+----------+-------------------------------------------
     0 | D:1      | avis the Hill Orc Monk began the quest for the Orb.
     0 | D:1      | Reached XP level 1. HP: 19/19 MP: 1/1
   409 | D:1      | Reached XP level 2. HP: 15/27 MP: 2/2
  1207 | D:1      | Reached XP level 3. HP: 30/33 MP: 3/3
  2318 | D:2      | Noticed Natasha
  2329 | D:2      | Killed Natasha
  2330 | D:2      | Reached XP level 4. HP: 36/41 MP: 4/4
  2353 | D:2      | Noticed Natasha
  2365 | D:2      | Killed from afar by Natasha

Illustrated notes

Levels and vault maps discovered:
D:1:      dpeg_arrival_water_fire, layout_basic, minmay_pentomino_w2
D:2:      layout_rooms, nicolae_ecumenical_snake_handling, minmay_lizard_pond,
          uniq_natasha

Skill      XL: |  1  2 |
---------------+-------+-----
Fighting       | 4 |  4.5
Unarmed Combat | 4 |  4.8
Dodging        | |  2.4
Stealth        | |  1.5

Action                   |  1- 3 |  4- 6 || total
-------------------------+-------+-------++-------
Melee: Unarmed           |   109 |     1 ||   110
       Punch             |     2 |       ||     2
       Falchion          |       |     8 ||     8
 Stab: Sleeping          |     5 |       ||     5
Armor: Robe              |    15 |       ||    15
Dodge: Dodged            |    58 |     4 ||    62

Table legend: (Time is in decaauts)
 A = Elapsed time spent in this place.
 B = Non-inter-level travel time spent in this place.
 C = Inter-level travel time spent in this place.
 D = Time resting spent in this place.
 E = Time spent auto-exploring this place.
 F = Levels seen in this place.
 G = Mean time per level.
                   A        B        C        D        E       F      G
               +--------+--------+--------+--------+--------+-----+--------+
         Total |   2364 |   2166 |    198 |    713 |    997 |   2 | 1182.0 |
       Dungeon |   2364 |   2166 |    198 |    713 |    997 |   2 | 1182.0 |
               +--------+--------+--------+--------+--------+-----+--------+

Top non-repeatable levels by time:
     D:1: 1975 daAuts
     D:2: 388 daAuts
